Map: Whitewater Line LE

Players

Throwfordays - Winner!

  • Race: Protoss Protoss
  • League: Silver
  • Spawn Location: 7:00

Cthulhu - Winner!

  • Race: Protoss Protoss
  • Spawn Location: 6:00

Faust - Winner!

  • Race: Zerg Zerg
  • League: Diamond
  • Spawn Location: 7:00

BDOG

  • Race: Protoss Protoss
  • Spawn Location: 1:00

Scrilla

  • Race: Terran Terran
  • Spawn Location: 1:00

SHABOOTY

  • Race: Terran Terran
  • Spawn Location: 12:00

VOD

Have the link to the VOD?

Description

Time

  • Played on: Feb. 6, 2019, 6:15 p.m.
  • Length: 14:51
Show
View Real Time Build Order
Export as new Build Order

Throwfordays Protoss - Winner!

Build Orders: Carriers 

Get SALT Encoding   

  12  0:01  Probe  
  13  0:13  Probe  
  14  0:18  Pylon  
  14  0:25  Probe  
  15  0:37  Probe  
  15  0:38  Forge  
  16  0:57  Pylon  
  16  2:09  Pylon  
  16  2:19  Probe  
  17  2:38  Photon Cannon  
  17  2:40  Photon Cannon  
  17  2:43  Photon Cannon  
  17  2:48  Photon Cannon  
  17  2:57  Photon Cannon  
  17  3:07  Photon Cannon  
  17  3:24  Pylon  
  17  3:28  Assimilator  
  17  3:32  Assimilator  
  17  3:38  Photon Cannon  
  17  3:46  Photon Cannon  
  17  3:55  Photon Cannon  
  17  4:05  Photon Cannon  
  17  4:15  Gateway  
  17  4:43  Nexus  
  17  4:52  Pylon  
  17  4:58  Pylon  
  17  5:03  Probe  
  18  5:15  Probe  
  18  5:18  Photon Cannon  
  19  5:27  Probe  
  20  5:28  Photon Cannon  
  20  5:38  Photon Cannon  
  20  5:46  Probe  
  21  5:55  Probe  
  22  5:58  Probe  
  23  6:06  Photon Cannon  
  23  6:07  Probe  
  23  6:10  Probe  
  25  6:17  Probe  
  25  6:19  Probe  
  27  6:25  Probe  
  28  6:33  Probe  
  29  6:42  Cybernetics Core  
  29  6:45  Gateway, Probe  
  30  6:48  Probe  
  31  6:57  Probe x2  
  33  7:05  Probe  
  33  7:09  Probe, Warp Gate  
  35  7:15  Assimilator  
  35  7:16  Probe  
  35  7:19  Assimilator  
  35  7:21  Stargate  
  36  7:23  Pylon  
  36  7:28  Probe  
  36  7:29  Pylon  
  37  7:34  Probe  
  38  7:53  Probe  
  38  7:58  Probe  
  40  8:05  Stargate, Probe  
  41  8:08  Stargate  
  41  8:10  Probe  
  41  8:11  Stargate  
  42  8:14  Pylon  
  42  8:17  Probe  
  43  8:27  Probe  
  43  8:30  Probe  
  45  8:37  Nexus  
  45  8:39  Probe  
  45  8:40  Pylon  
  46  8:42  Probe  
  46  8:45  Pylon  
  46  8:46  Protoss Air Weapons Level 1  
  47  8:52  Assimilator, Probe  
  47  8:53  Assimilator  
  47  8:54  Probe  
  49  8:59  Photon Cannon  
  49  9:03  Photon Cannon  
  49  9:04  Probe  
  49  9:06  Probe  
  49  9:07  Photon Cannon  
  51  9:10  Photon Cannon  
  51  9:16  Probe  
  52  9:18  Probe  
  53  9:31  Probe x2  
  55  9:37  Stargate  
  55  9:43  Probe  
  56  9:57  Void Ray x3  
  56  9:58  Fleet Beacon  
  65  10:04  Void Ray  
  65  10:12  Pylon  
  59  10:20  Pylon  
  57  10:23  Pylon  
  57  10:44  Void Ray x2  
  65  11:27  Protoss Air Weapons Level 2, Nexus  
  65  11:29  Pylon  
  65  11:33  Pylon  
  65  11:36  Assimilator  
  65  11:38  Assimilator  
  65  11:40  Carrier  
  65  11:41  Carrier  
  65  11:45  Probe  
  78  11:53  Probe  
  79  11:57  Probe  
  80  12:05  Probe  
  81  12:10  Probe  
  82  12:17  Probe  
  82  12:22  Probe  
  76  12:34  Probe  
  65  12:45  Carrier  
  65  12:46  Carrier x2  
  65  12:50  Probe  
  84  12:53  Probe  
  85  12:58  Probe  
  85  13:02  Probe  
  85  13:05  Probe  
  88  13:10  Probe  
  89  13:14  Probe  
  89  13:16  Carrier  
  89  13:17  Probe  
  97  13:22  Probe  
  97  13:26  Probe  
  99  13:29  Probe  
  100  13:39  Probe  
  102  13:41  Probe  
  102  13:52  Nexus  
  108  14:02  Pylon  
  108  14:07  Pylon  
  122  14:26  Assimilator  
  122  14:30  Assimilator  
Show
View Real Time Build Order
Export as new Build Order

Cthulhu Protoss - Winner!

Build Orders: Oracle Opening 

Get SALT Encoding   

  1  0:00  Probe  
  13  0:08  Probe  
  14  0:23  Pylon  
  14  0:28  Probe  
  15  0:41  Probe  
  16  0:44  Gateway  
  16  0:49  Assimilator  
  16  0:53  Probe  
  17  1:08  Probe  
  18  1:16  Assimilator, Probe  
  19  1:26  Probe  
  19  1:31  Zealot  
  22  1:53  Cybernetics Core  
  22  1:58  Gateway  
  22  2:01  Probe  
  22  2:02  Forge  
  22  2:03  Pylon  
  23  2:17  Probe  
  24  2:29  Probe  
  25  2:31  Warp Gate  
  25  2:53  Stargate  
  25  2:54  Stargate  
  25  2:56  Pylon  
  25  3:02  Pylon  
  25  3:08  Photon Cannon  
  25  3:13  Probe  
  29  3:48  Oracle x2  
  29  3:49  Nexus  
  29  3:54  Pylon  
  32  3:59  Probe  
  33  4:08  Robotics Facility  
  33  4:24  Probe  
  34  4:36  Probe  
  35  4:47  Void Ray  
  39  5:00  Assimilator  
  39  5:02  Assimilator  
  39  5:04  Probe  
  39  5:06  Probe  
  41  5:10  Void Ray  
  45  5:22  Zealot  
  45  5:23  Zealot  
  45  5:28  Observer  
  50  6:01  Void Ray x2  
  58  6:23  Observer  
  58  6:25  Probe x2  
  61  6:31  Protoss Air Weapons Level 1  
  61  6:37  Observer  
  62  7:00  Probe x2  
  64  7:12  Probe  
  62  7:47  Void Ray  
  62  7:48  Void Ray  
  70  7:52  Fleet Beacon  
  70  8:13  Pylon  
  70  8:22  Twilight Council  
  70  8:28  Pylon  
  70  8:29  Pylon  
  70  8:39  Protoss Shields Level 1  
  66  8:46  Tempest  
  66  8:47  Tempest  
  66  8:49  Protoss Air Weapons Level 2  
  76  10:11  Zealot  
  76  10:12  Zealot  
  80  10:25  Tempest  
  85  11:37  Protoss Shields Level 2  
  81  11:59  Tempest  
  81  12:00  Carrier  
  65  12:04  Protoss Air Weapons Level 3  
  76  12:33  Mothership  
  81  12:37  Pylon x3  
  77  13:05  Tempest x2  
  87  13:56  Nexus  
  87  13:57  Pylon  
  87  14:03  Nexus, Pylon  
Show
View Real Time Build Order
Export as new Build Order

Faust Zerg - Winner!

Build Orders: Hatch First, Brood Lord Corruptor 

Get SALT Encoding   

  12  0:01  Drone  
  13  0:09  Drone  
  14  0:15  Extractor  
  14  0:16  Drone  
  15  0:22  Overlord  
  15  0:41  Drone x2  
  17  0:55  Hatchery  
  16  1:10  Spawning Pool  
  15  1:20  Drone x2  
  15  1:22  Extractor  
  16  1:58  Zergling x4  
  16  1:59  Queen, Zergling x2  
  21  2:06  Queen  
  21  2:08  Zergling x2  
  24  2:11  Drone  
  25  2:18  Drone  
  25  2:21  Overlord  
  26  2:32  Drone x2  
  28  2:43  Lair  
  28  2:44  Drone x2  
  30  2:52  Drone  
  30  2:53  Drone  
  32  3:02  Overlord  
  32  3:10  Metabolic Boost  
  32  3:16  Drone  
  32  3:17  Drone x3  
  36  3:26  Drone x5  
  41  3:36  Drone  
  41  3:39  Overlord  
  42  3:46  Extractor  
  41  3:51  Extractor, Drone x3  
  41  3:52  Drone  
  41  3:53  Extractor  
  41  3:54  Overlord  
  41  3:55  Overlord  
  43  3:56  Drone  
  43  3:59  Drone  
  45  4:04  Overlord  
  45  4:22  Drone  
  45  4:23  Drone x2  
  48  4:29  Drone x2, Spire  
  48  4:30  Drone x3, Overlord  
  52  4:51  Drone  
  52  4:55  Hatchery  
  51  5:00  Drone, Infestation Pit  
  51  5:34  Drone x2  
  51  5:35  Drone x10  
  60  5:48  Zerg Flyer Weapons Level 1  
  60  5:50  Hive  
  60  5:54  Drone x4, Overlord  
  60  5:55  Evolution Chamber, Overlord  
  60  5:56  Evolution Chamber  
  62  6:02  Spire  
  61  6:07  Extractor  
  61  6:10  Queen  
  62  6:12  Extractor, Drone x4  
  62  6:14  Drone x3  
  62  6:17  Overlord  
  68  6:28  Spore Crawler  
  68  6:30  Drone, Spine Crawler  
  68  6:31  Drone x2  
  69  6:34  Drone x3  
  69  6:37  Overlord x2  
  72  6:42  Zerg Melee Weapons Level 1  
  72  6:43  Zerg Ground Armor Level 1  
  72  7:06  Queen  
  74  7:09  Hatchery  
  74  7:10  Hatchery  
  74  7:14  Greater Spire  
  72  7:18  Adrenal Glands  
  72  7:27  Pneumatized Carapace  
  72  7:29  Burrow  
  72  7:37  Ultralisk Cavern  
  72  7:43  Drone  
  72  7:44  Drone x6  
  78  7:45  Overlord  
  78  7:46  Overlord x3  
  78  8:06  Zergling x2  
  78  8:07  Zergling x28  
  78  8:08  Zergling x2  
  94  8:16  Zerg Flyer Weapons Level 2  
  94  8:24  Chitinous Plating  
  94  8:43  Zerg Melee Weapons Level 2, Zerg Ground Armor Level 2  
  79  9:10  Extractor, Drone x4  
  79  9:11  Extractor, Drone x2  
  79  9:12  Corruptor  
  79  9:13  Corruptor x15  
  114  9:20  Spine Crawler  
  114  9:23  Queen, Spine Crawler  
  114  9:24  Drone x2  
  116  9:47  Zerg Flyer Armor Level 1  
  116  9:54  Brood Lord x3  
  122  10:00  Brood Lord  
  122  10:04  Brood Lord  
  126  10:10  Brood Lord  
  126  10:11  Brood Lord x5  
  126  10:13  Zergling x2  
  126  10:14  Zergling x44  
  161  10:32  Brood Lord x3  
  161  10:55  Corruptor x5  
  152  11:04  Corruptor x2  
  155  11:17  Zergling x20  
  155  11:18  Zergling x18  
  174  11:53  Hatchery  
  173  12:00  Overlord  
  173  12:01  Overlord x5  
  173  12:04  Hatchery  
  168  12:18  Zerg Flyer Armor Level 2  
  168  12:23  Corruptor x6  
  168  12:24  Corruptor x3  
  186  12:44  Corruptor x2  
  186  12:45  Corruptor  
  190  12:55  Corruptor  
  190  12:56  Corruptor  
  188  12:59  Drone x3  
  188  13:03  Drone x7  
  188  13:04  Drone x2  
  198  13:43  Drone  
  198  13:44  Drone  
  198  13:46  Extractor x2  
  191  14:40  Extractor  
  191  14:43  Extractor  
Show
View Real Time Build Order
Export as new Build Order

BDOG Protoss 

Build Orders: Cannon Rush 

Get SALT Encoding   

  12  0:12  Pylon  
  12  0:30  Forge  
  12  0:48  Pylon  
  12  0:51  Pylon  
  12  0:57  Pylon  
  12  1:11  Photon Cannon  
  12  1:22  Pylon  
  12  1:33  Photon Cannon  
  11  1:59  Photon Cannon  
  11  2:06  Assimilator  
  11  2:13  Gateway  
  11  2:30  Probe  
  12  2:43  Probe  
  13  2:45  Pylon  
  13  2:52  Assimilator  
  13  2:55  Probe  
  14  3:07  Probe  
  15  3:15  Cybernetics Core  
  15  3:19  Probe  
  16  3:31  Probe  
  17  3:43  Probe  
  18  3:53  Stargate  
  18  3:57  Probe  
  19  4:46  Nexus  
  19  4:50  Pylon  
  19  4:53  Pylon  
  19  4:56  Pylon  
  19  5:09  Void Ray  
  19  6:02  Probe  
  13  6:10  Probe  
  12  6:14  Probe  
  13  6:22  Probe  
  14  6:26  Probe  
  15  6:34  Probe  
  15  6:38  Probe  
  17  6:46  Probe  
  18  6:50  Probe  
  19  6:58  Probe  
  20  7:02  Probe  
  21  7:14  Probe  
  22  7:18  Fleet Beacon  
  22  7:26  Probe  
  23  7:30  Probe  
  24  7:42  Void Ray  
  28  8:10  Mothership  
  36  8:28  Tempest  
  41  9:13  Carrier  
  47  9:29  Assimilator  
  47  10:00  Stargate  
  47  10:10  Probe  
  48  10:17  Tempest  
  53  10:22  Probe  
  54  10:34  Probe  
  55  10:46  Probe  
  55  10:47  Carrier  
  62  11:35  Pylon  
  62  11:38  Pylon  
  62  11:40  Pylon  
  62  11:44  Pylon  
  62  11:47  Pylon  
  62  11:52  Pylon  
  62  11:53  Tempest, Probe  
  68  12:02  Tempest  
  73  12:36  Tempest  
  62  13:10  Carrier  
  76  13:38  Carrier  
Show
View Real Time Build Order
Export as new Build Order

Scrilla Terran 

Build Orders: Command Center First (CC) 

Get SALT Encoding   

  12  0:01  SCV  
  13  0:13  SCV  
  14  0:19  Supply Depot  
  14  0:25  SCV  
  15  0:55  Command Center  
  15  1:08  Barracks  
  15  1:11  SCV  
  16  1:23  SCV  
  17  1:25  Refinery  
  17  1:28  Refinery  
  17  1:43  SCV  
  18  2:07  Barracks  
  18  2:08  Barracks Tech Lab  
  18  2:12  Orbital Command  
  18  2:15  Orbital Command  
  18  2:37  Factory  
  18  2:40  SCV  
  18  2:42  SCV  
  20  2:52  Marine, SCV  
  20  2:54  SCV  
  20  2:57  Barracks Reactor  
  23  3:07  Barracks  
  23  3:09  SCV x2  
  25  3:19  Supply Depot  
  25  3:21  Factory Tech Lab  
  23  3:30  Starport  
  21  3:38  Marine  
  21  3:39  Marine  
  21  3:41  Marauder  
  25  3:44  Siege Tank  
  28  3:56  SCV  
  29  4:19  SCV  
  29  4:20  Siege Tank  
  33  4:24  Supply Depot  
  33  4:30  Orbital Command  
  33  4:35  SCV  
  33  4:38  Barracks Tech Lab  
  34  4:40  Starport Tech Lab  
  34  4:43  Medivac  
  36  5:26  Marine  
  37  5:44  Marine x3  
  32  5:50  Combat Shield  
  31  6:10  Starport Reactor  
  31  6:15  Marine  
  31  6:16  Marine x2  
  31  6:17  Marine  
  35  6:27  Siege Tank  
  35  6:30  SCV  
  39  6:33  Stimpack  
  39  6:42  SCV  
  39  6:45  Engineering Bay  
  40  6:49  Engineering Bay  
  40  6:54  SCV  
  40  6:58  Marine  
  40  6:59  Marine x3  
  45  7:04  Supply Depot  
  45  7:06  SCV  
  46  7:10  Orbital Command  
  46  7:18  SCV  
  43  7:45  Terran Infantry Armor Level 1, Terran Infantry Weapons Level 1  
  43  7:52  Missile Turret  
  43  7:53  SCV x2  
  43  7:54  Missile Turret  
  43  7:55  Missile Turret  
  45  8:19  Marine x3  
  48  8:20  Marine  
  48  8:23  SCV  
  50  8:28  Viking x2  
  54  8:35  SCV  
  55  8:44  Marine x3  
  55  8:45  Marine  
  59  9:03  Armory  
  59  9:06  SCV x2  
  61  9:14  Marine x4  
  61  9:17  Viking x2  
  69  9:32  Marine  
  70  9:40  Marine x3  
  73  10:00  Marine x4  
  73  10:03  Viking  
  73  10:04  Viking  
  81  10:10  Supply Depot  
  81  10:12  Supply Depot  
  42  11:10  Viking x2  
  36  11:15  Marine x4  
  38  11:23  Barracks  
  38  11:25  Barracks  
  38  11:26  SCV x2  
  38  11:27  Barracks  
  40  11:32  Marine  
  40  11:33  Marine x3  
  40  11:36  Terran Infantry Armor Level 2, Terran Infantry Weapons Level 2  
  40  11:38  SCV x2  
  46  11:45  Terran Ship Weapons Level 1  
  44  12:18  Marine x5  
  44  12:19  Marine x2  
  37  12:26  Viking  
  35  12:36  Marine x6  
  41  12:37  Marine  
  42  12:48  Viking  
  42  12:51  SCV x2  
  46  12:58  Refinery  
  46  13:01  Refinery  
  46  13:03  SCV x2  
  46  13:04  Barracks Reactor x3  
  48  13:09  Viking  
  50  13:34  Marine  
  50  13:35  Marine x3  
  50  13:40  Marine  
  50  13:41  Marine x5  
  60  13:49  Viking x2  
  60  13:52  Marine x2  
  60  13:53  Marine x2  
  68  13:57  Starport  
  68  13:58  Marine x4  
  68  13:59  Marine x2  
  59  14:10  Marine x3  
  59  14:11  Marine  
  59  14:16  Marine x6  
  54  14:28  Marine x3  
  54  14:29  Marine  
Show
View Real Time Build Order
Export as new Build Order

SHABOOTY Terran 

Build Orders:  

Get SALT Encoding   

  12  0:03  SCV  
  13  0:15  SCV  
  14  0:25  Supply Depot  
  14  0:54  Refinery  
  14  1:08  SCV, Barracks  
  15  1:20  SCV  
  15  1:21  Supply Depot  
  16  1:44  Supply Depot  
  16  1:52  SCV  
  17  1:57  Marine, Barracks  
  18  2:04  SCV  
  19  2:15  Marine, Refinery  
  20  2:16  SCV  
  21  2:28  SCV  
  22  2:32  Marine  
  23  2:40  SCV  
  24  2:45  Command Center  
  24  2:46  Barracks Tech Lab  
  24  2:50  Marine  
  25  2:55  Orbital Command  
  25  3:14  Engineering Bay  
  25  3:34  Combat Shield  
  25  3:37  Barracks Reactor  
  25  3:39  Marauder  
  27  4:00  Marauder  
  29  4:34  Supply Depot  
  29  4:49  Engineering Bay  
  29  4:52  Marauder  
  31  4:54  Marine x2  
  31  4:58  Supply Depot  
  33  5:12  Marine x2  
  33  5:14  Stimpack, Marauder  
  37  5:21  Supply Depot  
  37  5:25  Missile Turret  
  37  5:29  Marine  
  37  5:35  SCV, Marauder  
  41  5:48  Missile Turret  
  41  5:56  Marauder  
  43  6:03  Neosteel Armor  
  43  6:04  Terran Infantry Weapons Level 1  
  43  6:09  Missile Turret  
  43  6:18  Marauder  
  45  6:25  Missile Turret  
  45  6:30  SCV  
  45  6:31  Missile Turret  
  46  6:42  SCV  
  46  6:43  Marine x2  
  49  6:54  Concussive Shells  
  49  6:56  Missile Turret  
  49  6:58  SCV  
  50  7:01  Marine x2  
  50  7:07  Missile Turret  
  52  7:10  SCV  
  53  7:18  SCV  
  53  7:19  Marine x2  
  56  7:23  SCV  
  56  7:29  Missile Turret  
  57  7:30  SCV  
  57  7:35  SCV  
  57  7:37  Marine x2  
  59  7:43  Terran Infantry Armor Level 1  
  61  7:47  SCV  
  61  7:50  Missile Turret  
  62  7:54  Marine  
  62  7:55  Marine  
  62  7:58  Hi-Sec Auto Tracking  
  64  7:59  Planetary Fortress  
  64  8:12  Marine x2  
  64  8:13  Supply Depot  
  64  8:15  Supply Depot, Marauder  
  68  8:29  Refinery  
  68  8:30  Marine x2  
  69  8:37  Marauder  
  70  8:48  Marine x2  
  70  8:58  Marauder  
  72  9:06  Marine x2  
  62  10:45  Marauder  
  34  11:06  Marauder  
  34  11:08  Marine x2  
  30  11:22  Factory  
  30  11:26  Marine x2  
  30  11:27  Marauder  
  34  11:43  Marine  
  34  11:44  Marine  
  36  11:47  Missile Turret  
  36  11:49  Marauder, Missile Turret  
  36  11:51  Missile Turret  
  35  12:01  Marine x2  
  36  12:10  Marauder  
  16  12:32  Marauder  
  11  12:47  Command Center  
  11  12:58  Missile Turret  
  11  13:00  Missile Turret  
  11  13:04  Command Center  
  11  13:06  Marine x2  
  13  13:19  Missile Turret  
  13  13:23  Missile Turret  
  13  13:24  Marine x2  
Tags
 
Add a new tag
Caveats
  • Supply blocks, unpowered buildings, or Contaminate may cause inaccurate times.
  • Supply counts are checked every 10 seconds.